 Dungeon Crawl Stone Soup version 0.30.0-29-ga12c61a403 (webtiles) character file.

Game seed: 8246674707506332490

6 safid the Chiller (level 1, -3/14 HPs)
             Began as a Merfolk Ice Elementalist on June 13, 2023.
             Slain by a quokka (5 damage)
             ... on level 1 of the Dungeon.
             The game lasted 00:00:21 (127 turns).

safid the Chiller (Merfolk Ice Elementalist)         Turns: 127, Time: 00:00:22

Health: -3/14      AC:  2    Str:  8    XL:     1   Next: 90%
Magic:  0/3        EV: 12    Int: 14    God:
Gold:   40         SH:  0    Dex: 14    Spells: 3/4 levels left

rFire   . . .        e - +0 short sword
rCold   . . .        (no shield)
rNeg    . . .        a - +0 robe
rPois   .            (no helmet)
rElec   .            (no cloak)
rCorr   .            (no gloves)
SInv    .            (no boots)
Will    .....        (no amulet)
Stlth   ++           (no ring)
HPRegen 0.22/turn    (no ring)
MPRegen 0.08/turn

%: no passive effects
@: no status effects
A: (nimble swimmer 2), mertail
a: no special abilities


You were on level 1 of the Dungeon.
You visited 1 branch of the dungeon, and saw 1 of its levels.

You collected 40 gold pieces.

Inventory:

Hand Weapons
 e - a +0 short sword (weapon)
Armour
 a - a +0 robe (worn)
Scrolls
 d - a scroll of amnesia {unknown}
Potions
 b - a potion of magic
 c - a potion of attraction {unknown}
 f - a potion of curing {unknown}


   Skills:
 + Level 0.7 Fighting
 - Level 2.6 Dodging
 - Level 2.1 Stealth
 + Level 2.1 Spellcasting
 + Level 4.5 Ice Magic


You had 3 spell levels left.
You knew the following spells:

 Your Spells              Type           Power      Damage    Failure   Level
a - Freeze                Ice            56%        1d7       3%          1

Your spell library contained the following spells:

 Spells                   Type           Power      Damage    Failure   Level
 Frozen Ramparts          Ice            28%        1d5       11%         3
 Ozocubu's Armour         Ice            14%        N/A       11%         3
 Summon Ice Beast         Ice/Summ       7%         N/A       67%         4


Dungeon Overview and Level Annotations

Branches:
Dungeon (1/15)

Altars:


Innate Abilities, Weirdness & Mutations

((You are very nimble when in or above water. (Stealth+, EV+, Speed+++)))
Your lower body shifts to a powerful aquatic tail in water.


Message History

Casting: Freeze (safe; 3% risk of failure)
Confirm with . or Enter, or press ? or * to list all spells.
Aiming: Freeze (safe; 3% risk of failure)
Press: ? - help, Shift-Dir - straight line, f - jackal
Aim: a jackal You freeze the jackal.
The jackal is moderately wounded.
The jackal misses you.
Unknown command.
Casting: Freeze (safe; 3% risk of failure)
Confirm with . or Enter, or press ? or * to list all spells.
You don't have enough magic to cast this spell.
Unknown command.
You hit the jackal.
The jackal is almost dead.
The jackal completely misses you.
You hit the jackal.
You kill the jackal!
The quokka closely misses you.
You closely miss the quokka. The quokka bites you.
You barely miss the quokka. The quokka misses you.
You closely miss the quokka. The quokka barely misses you.
You barely miss the quokka. The quokka bites you.
* * * LOW HITPOINT WARNING * * *
You barely miss the quokka. The quokka bites you.
* * * LOW HITPOINT WARNING * * *
The quokka bites you but does no damage.
Casting: Freeze (safe; 3% risk of failure)
Confirm with . or Enter, or press ? or * to list all spells.
Aiming: Freeze (safe; 3% risk of failure)
Press: ? - help, Shift-Dir - straight line, f - quokka
Aim: a quokka You freeze the quokka.
The quokka is heavily wounded.
The quokka barely misses you.
Unknown command.
You barely miss the quokka.
The quokka is heavily wounded.
The quokka bites you.
You die...

#.#################
# #.# #. #.#
###.##.# .....#.###
...$......# #
.....#..#.###.##
..[. #....[......
#.. ###@r....... ..
#.).##.#.##. #
#.### .# # ... .#
#... . #..# r #..
#.. #..


You could see a quokka.

Vanquished Creatures
  A bat (D:1)
  An endoplasm (D:1)
  A goblin (D:1)
  A jackal (D:1)
  A kobold (D:1)
5 creatures vanquished.

Notes
Turn   | Place    | Note
-------+----------+-------------------------------------------
     0 | D:1      | safid the Merfolk Ice Elementalist began the quest for the
                  | Orb.
     0 | D:1      | Reached XP level 1. HP: 13/13 MP: 3/3
   127 | D:1      | Slain by a quokka

Illustrated notes

Levels and vault maps discovered:
D:1:      lemuel_arrival_muddy, layout_loops_ring, minmay_misc_feat_tiny,
          minmay_bisected

Action                     || total
---------------------------++-------
  Melee: Short sword       ||    15
   Cast: Freeze            ||     4
   Stab: Sleeping          ||     1
 Armour: Robe              ||     3
  Dodge: Dodged            ||    14
